cohdb
Replays
Latest Replays
All Replays
Popular Replays
Top Player Replays
Match Explorer
How It Works
Community
CoH3 Stats
Reddit
Sign in to upload your games and track your stats! →
Sign in with Steam
Appreciation to all those randoms that don't rage quit
Match 14784522
Overview
Messages
Build Orders
End
Panzergrenadier Squad
Selects Italian Infantry
250 Light Carrier
Panzerpioneer Squad
Panzerpioneer Squad
Construct Light Support Kompanie
Construct Mechanized Kompanie
Selects Guastatori Squad
Selects L6/40 Light Tank Combat Group
L6/40 Light Tank Combat Group
L6/40 Light Tank Combat Group
Construct Mechanized Kompanie
Selects Defensive Operations
Panzerjäger Mechanized Group
Selects Prepared Positions
2.5-tonne Medical Truck
254 Reconnaissance Tractor
Vehicle Survival Package
Veteran Squad Leaders
Panzerjäger Mechanized Group
Support Armor Elements
Selects Obice 305mm Barrage
Guastatori Squad
Construct Panzerarmee Kommand
Armored Reserves
Selects Towed Cannone da 105/28 Field Howitzer
Obice 305mm Barrage
Flak 36 Anti-tank Gun Team
AI Takeover
Sima
CallSignStrider
GeeNo
oki
0
0
Comments
sign in to comment!
No comments posted yet!